[Event "Titled Tuesday Blitz August 09 Early 2022"]
[White "Carlsson, Ludvig"]
[Black "Le, Tuan Minh"]
[WhiteFideId "1727010"]
[BlackFideId "12401153"]
[WhiteElo "2559"]
[BlackElo "2971"]
[Result "0-1"]
[Round "06"]
[TimeControl "180+1"]
[Date "2022.08.09"]
[WhiteClock "0:00:01"]
[BlackClock "0:01:18"]

1. Nf3 d5 2. g3 Nf6 3. Bg2 g6 4. d4 Bg7 5. c4 c6 6. cxd5 cxd5 7. O-O O-O 8. Ne5 Nc6 9. Nxc6 bxc6 10. Nc3 Nd7 11. Na4 Ba6 12. Re1 Qa5 13. Bd2 Qb5 14. Bc3 Qb7 15. Rc1 e6 16. e4 Bb5 17. h4 Qa6 18. b3 Rfd8 19. h5 Rac8 20. e5 Bxa4 21. bxa4 c5 22. Bf1 Qb7 23. Rb1 Qc7 24. f4 Bf8 25. Ba6 Rb8 26. hxg6 hxg6 27. Kg2 cxd4 28. Bxd4 Nc5 29. Rc1 Qa5 30. Bb5 Ne4 31. Qd3 a6 32. Bxa6 Qxa4 33. Re2 Rb4 34. Bc3 Rb6 35. Bc8 Rxc8 0-1


[Site "https://www.chess.com"]

[Event "Titled Tuesday Blitz August 09 Early 2022"]
[White "Chernomordik, Pavel"]
[Black "Altman, Joshua"]
[WhiteFideId "2804530"]
[BlackFideId "426210"]
[WhiteElo "2217"]
[BlackElo "1945"]
[Result "0-1"]
[Round "06"]
[TimeControl "180+1"]
[Date "2022.08.09"]
[WhiteClock "0:00:01"]
[BlackClock "0:00:04"]

1. e4 e6 2. Nc3 d5 3. d4 Nf6 4. Bg5 dxe4 5. Nxe4 Nbd7 6. Nf3 Be7 7. Nxf6+ Nxf6 8. Bd3 b6 9. Qe2 Bb7 10. O-O-O O-O 11. Ne5 Nd5 12. h4 Bxg5+ 13. hxg5 Qxg5+ 14. Kb1 h6 15. g3 Nb4 16. Rh5 Qf6 17. Be4 Bxe4 18. Qxe4 Rad8 19. f4 c5 20. c3 Nd5 21. Rdh1 cxd4 22. cxd4 Ne7 23. g4 Ng6 24. g5 Qxf4 25. Qc2 Rc8 26. Qd1 Qe4+ 27. Ka1 Nxe5 28. gxh6 Ng6 29. hxg7 Kxg7 30. Rh7+ Kf6 31. Qf1+ Ke7 32. Qa6 Rc7 33. Qa3+ Kd7 34. Rf1 Qc6 35. Rhxf7+ Rxf7 36. Rxf7+ Kc8 0-1


[Site "https://www.chess.com"]

[Event "Titled Tuesday Blitz August 09 Early 2022"]
[White "Chyzy, Jakub"]
[Black "Antonio, Rogelio Jr"]
[WhiteFideId "21806209"]
[BlackFideId "5200032"]
[WhiteElo "2023"]
[BlackElo "2415"]
[Result "0-1"]
[Round "06"]
[TimeControl "180+1"]
[Date "2022.08.09"]
[WhiteClock "0:00:16"]
[BlackClock "0:01:08"]

1. b3 Nf6 2. Bb2 g6 3. e4 d6 4. e5 dxe5 5. Bxe5 Bg7 6. Nf3 O-O 7. Be2 c5 8. O-O Bf5 9. d4 Nc6 10. c3 Nxe5 11. Nxe5 cxd4 12. cxd4 Rc8 13. Na3 Nd5 14. Bf3 Nc3 15. Qe1 Qxd4 16. Nec4 b5 17. Ne3 Bd3 18. Nac2 Qd6 19. g3 e6 20. a4 Bxf1 21. Qxf1 bxa4 22. bxa4 Rfd8 23. a5 Qc5 24. a6 h5 25. Bb7 Rc7 26. Re1 Rd2 27. Qh3 Rcd7 28. Qh4 Ne2+ 29. Kf1 Nd4 30. Qf4 Nxc2 31. Nxc2 Qxc2 0-1


[Site "https://www.chess.com"]

[Event "Titled Tuesday Blitz August 09 Early 2022"]
[White "Costachi, Mihnea"]
[Black "Vasquez Schroeder, Rodrigo"]
[WhiteFideId "1217518"]
[BlackFideId "3400042"]
[WhiteElo "2710"]
[BlackElo "2867"]
[Result "0-1"]
[Round "06"]
[TimeControl "180+1"]
[Date "2022.08.09"]
[WhiteClock "0:00:14"]
[BlackClock "0:01:27"]

1. d4 d5 2. c4 c6 3. Nf3 Nf6 4. Nc3 e6 5. Bg5 dxc4 6. a4 b5 7. axb5 cxb5 8. Nxb5 Qb6 9. Na3 Bxa3 10. bxa3 Ne4 11. Bf4 Nc6 12. e3 Qa5+ 13. Nd2 Ba6 14. Be2 Nc3 15. Qc2 Nxe2 16. Kxe2 c3+ 17. Kd1 Rc8 18. Ne4 O-O 19. Bd6 Rfd8 20. Bc5 e5 21. Qxc3 Qxc3 22. Nxc3 exd4 23. Ne4 dxe3+ 24. Nd6 Ne5 25. Bb4 exf2 26. Kd2 Nc4+ 27. Ke2 Nxd6+ 28. Kxf2 Ne4+ 29. Ke3 Re8 30. Kf4 g5+ 31. Kf5 Rc2 32. Rhe1 Bc8# 0-1


[Site "https://www.chess.com"]

[Event "Titled Tuesday Blitz August 09 Early 2022"]
[White "Csonka, Balazs"]
[Black "Shohat, Yotam"]
[WhiteFideId "742910"]
[BlackFideId "2813955"]
[WhiteElo "2404"]
[BlackElo "2119"]
[Result "1-0"]
[Round "06"]
[TimeControl "180+1"]
[Date "2022.08.09"]
[WhiteClock "0:00:12"]
[BlackClock "0:00:01"]

1. e4 c5 2. Nf3 d6 3. Bb5+ Bd7 4. Bxd7+ Qxd7 5. O-O Nf6 6. Qe2 Nc6 7. c3 e6 8. d4 d5 9. e5 Ne4 10. Nbd2 Nxd2 11. Bxd2 cxd4 12. cxd4 Be7 13. h4 Rc8 14. h5 h6 15. Rac1 O-O 16. Rc3 a6 17. Rd3 Na7 18. Nh2 Qb5 19. Bc3 Nc6 20. Ng4 Rc7 21. Qd2 Kh7 22. Rg3 Nb4 23. Ra1 a5 24. a3 Nc6 25. Rf1 a4 26. f4 Qc4 27. f5 Bg5 28. Qd1 b5 29. fxe6 b4 30. axb4 Nxb4 31. Qxa4 Nd3 32. Qxc4 dxc4 33. d5 Rd8 34. d6 Rb7 35. exf7 Rf8 36. e6 Bf4 37. Rxd3 cxd3 38. Rxf4 1-0


[Site "https://www.chess.com"]

[Event "Titled Tuesday Blitz August 09 Early 2022"]
[White "D`Arruda, Ricardo D."]
[Black "Solon, Nathan"]
[WhiteFideId "100692"]
[BlackFideId "2017229"]
[WhiteElo "2481"]
[BlackElo "2643"]
[Result "0-1"]
[Round "06"]
[TimeControl "180+1"]
[Date "2022.08.09"]
[WhiteClock "0:00:17"]
[BlackClock "0:00:24"]

1. d4 d5 2. Nf3 Nf6 3. g3 e6 4. Bg2 c5 5. O-O Nc6 6. c4 dxc4 7. Qa4 Bd7 8. dxc5 Na5 9. Qc2 Bxc5 10. Nbd2 Rc8 11. Ne5 O-O 12. Rd1 Qc7 13. Nxd7 Nxd7 14. Ne4 Be7 15. Bf4 e5 16. Be3 b5 17. Nc3 Nb6 18. Nxb5 Qb8 19. Nc3 Nc6 20. Nd5 Nxd5 21. Bxd5 Nb4 22. Qc3 Bf6 23. Be4 Nc6 24. Qxc4 Nd4 25. Qd3 Qxb2 26. Bxd4 exd4 27. Bxh7+ Kh8 28. Bf5 Rc3 29. Qe4 g6 30. Bg4 Kg7 31. Bf3 Rfc8 32. Rdb1 Qa3 33. Rb7 R8c7 34. Rxc7 Rxc7 35. Qd3 Qb2 36. Rb1 Qxa2 37. Rb7 Rxb7 38. Bxb7 a5 39. Bd5 Qxd5 0-1


[Site "https://www.chess.com"]

[Event "Titled Tuesday Blitz August 09 Early 2022"]
[White "Daeschler, Florian"]
[Black "Silvestre, Christian"]
[WhiteFideId "20678193"]
[BlackFideId "30956269"]
[WhiteElo "2187"]
[BlackElo "2296"]
[Result "0-1"]
[Round "06"]
[TimeControl "180+1"]
[Date "2022.08.09"]
[WhiteClock "0:00:02"]
[BlackClock "0:00:09"]

1. e4 e5 2. Nf3 Nc6 3. Bc4 Be7 4. O-O Nf6 5. d3 O-O 6. Re1 d6 7. a4 h6 8. c3 a5 9. h3 Be6 10. Nbd2 Qd7 11. Qb3 Ra6 12. Bxe6 fxe6 13. Nc4 b6 14. d4 exd4 15. cxd4 Kh8 16. Bd2 Nh5 17. Rad1 Nf4 18. Bxf4 Rxf4 19. d5 exd5 20. exd5 Nb4 21. Qe3 Rf7 22. Nce5 dxe5 23. Nxe5 Bc5 24. Nxf7+ Qxf7 25. Qe8+ Qxe8 26. Rxe8+ Kh7 27. g4 b5 28. axb5 Rf6 29. Rd2 Rb6 30. h4 Rxb5 31. h5 Bd6 32. Rc8 Nxd5 33. Re2 Nf4 34. Ree8 g6 35. Rh8+ Kg7 36. Rcg8+ Kf6 37. Rxh6 Rg5 38. hxg6 Rxg4+ 39. Kf1 Rxg6 40. Rhxg6+ Nxg6 41. Ra8 Bb4 42. Ra7 c5 43. Ke2 Kf5 44. Ra6 Ne5 45. Ke3 Nc4+ 46. Kf3 Nxb2 47. Ra8 a4 0-1


[Site "https://www.chess.com"]

[Event "Titled Tuesday Blitz August 09 Early 2022"]
[White "Dahanayake, Isara Banidu"]
[Black "Simonovic, Miroslav"]
[WhiteFideId "9932631"]
[BlackFideId "919152"]
[WhiteElo "1394"]
[BlackElo "2043"]
[Result "0-1"]
[Round "06"]
[TimeControl "180+1"]
[Date "2022.08.09"]
[WhiteClock "0:00:15"]
[BlackClock "0:01:13"]

1. e4 c5 2. Nf3 Nc6 3. Bb5 g6 4. Bxc6 dxc6 5. h3 Bg7 6. d3 e5 7. O-O Ne7 8. Nc3 h6 9. Be3 b6 10. Qd2 Be6 11. Nh2 Qd7 12. f4 exf4 13. Rxf4 O-O 14. Raf1 f5 15. R4f2 Kh7 16. exf5 Nxf5 17. Ng4 h5 18. Rxf5 Bxf5 19. Nh6 Rae8 20. Bg5 c4 21. g4 hxg4 22. hxg4 Bxg4 23. Rxf8 Rxf8 24. Qh2 Bh5 25. Ne4 Bxh6 26. Bxh6 Qg4+ 27. Kh1 0-1


[Site "https://www.chess.com"]

[Event "Titled Tuesday Blitz August 09 Early 2022"]
[White "Danielyan, Vahe"]
[Black "Nazari, Arad"]
[WhiteFideId "13304828"]
[BlackFideId "12577324"]
[WhiteElo "2532"]
[BlackElo "2766"]
[Result "1-0"]
[Round "06"]
[TimeControl "180+1"]
[Date "2022.08.09"]
[WhiteClock "0:01:24"]
[BlackClock "0:00:07"]

1. e4 c5 2. Nc3 d6 3. Nf3 a6 4. d4 cxd4 5. Nxd4 Nf6 6. Nb3 Nbd7 7. Be3 b5 8. a4 b4 9. Nd5 Bb7 10. f3 Nxd5 11. exd5 Nf6 12. Bc4 g6 13. Qd3 Bg7 14. O-O O-O 15. Rad1 Nd7 16. Nd4 Ne5 17. Qe2 Qa5 18. Bb3 Bxd5 19. Nf5 Bxb3 20. Nxe7+ Kh8 21. cxb3 Rfe8 22. Nd5 Nd7 23. Qf2 Rac8 24. h4 Nc5 25. h5 Nxb3 26. h6 Be5 27. f4 f5 28. fxe5 dxe5 29. Bg5 Qc5 30. Bf6+ Kg8 31. Ne7+ Rxe7 32. Qxc5 Nxc5 33. Bxe7 Nxa4 34. Bxb4 Nxb2 35. Rd2 Nc4 36. Rc1 a5 37. Bxa5 Ra8 38. Rxc4 Rxa5 39. Rd7 Ra8 40. Rcc7 1-0


[Site "https://www.chess.com"]

[Event "Titled Tuesday Blitz August 09 Early 2022"]
[White "Degardin, Sylvain"]
[Black "Gatterer, Florian"]
[WhiteFideId "20623070"]
[BlackFideId "811688"]
[WhiteElo "2146"]
[BlackElo "2218"]
[Result "1/2-1/2"]
[Round "06"]
[TimeControl "180+1"]
[Date "2022.08.09"]
[WhiteClock "0:01:22"]
[BlackClock "0:00:32"]

1. Nf3 Nf6 2. b3 g6 3. Bb2 Bg7 4. g3 d5 5. Bg2 O-O 6. O-O a5 7. a4 c6 8. d3 Bg4 9. Nbd2 Bxf3 10. Nxf3 Nbd7 11. Qe1 Re8 12. e4 dxe4 13. dxe4 e5 14. Rd1 Qe7 15. Qe2 Red8 16. Nd2 Nb6 17. Nc4 Nxc4 18. Qxc4 Bf8 19. h3 h5 20. Kh2 Bg7 21. Bc1 Ne8 22. Be3 Bf8 23. Bb6 Rxd1 24. Rxd1 Nc7 25. h4 Ne6 26. Bh3 Nd4 27. Bxd4 exd4 28. Rxd4 Rd8 29. Qd3 Rxd4 30. Qxd4 Qc5 31. Qxc5 Bxc5 32. f3 Bd4 33. Kg2 Kf8 34. Kf1 Ke7 35. Ke2 Kd6 36. g4 Ke5 37. gxh5 gxh5 38. Bc8 b6 39. Bd7 c5 40. Be8 Kf6 41. f4 Ke7 42. Bc6 f6 43. Kf3 Bc3 44. Bb5 Be1 45. Be2 Bxh4 46. Ke3 Be1 47. Bxh5 Kd6 48. Bf7 Bg3 49. Bc4 Bh2 50. Kf3 Bg1 51. Kg4 Bd4 52. Kf5 Bc3 53. Kg4 Bb2 54. Kf3 Bd4 55. Ke2 Bb2 56. Kd3 Bc1 57. f5 Bf4 58. Bd5 Kc7 59. Kc4 Be5 60. Bf7 Bd4 61. Kd5 Bc3 62. Ke6 Bb2 63. Be8 Bc3 64. Bb5 Be5 65. Kd5 Bc3 66. Kc4 Be5 67. c3 Bf4 68. b4 cxb4 69. cxb4 axb4 70. Kxb4 Be5 71. Kc4 Bf4 72. Kd5 Be5 73. Bc6 Bc3 74. Bb5 Be5 75. Ke6 Bc3 76. Kf7 Be5 77. Kg6 Bd4 78. Kh5 Be5 79. Kg4 Bd4 80. Kf3 Be5 81. Ke2 Bc3 82. Kd3 Be5 83. Kc4 Bf4 84. Be8 Be5 85. Bf7 Bf4 86. Bd5 Be5 87. Kb5 Bf4 88. Ka6 Be5 89. Kb5 Bf4 90. a5 bxa5 91. Kxa5 Kd6 92. Kb5 Ke5 93. Kc4 Bg5 94. Kd3 Bf4 95. Ke2 Bg5 96. Kf3 Bf4 97. Kg4 Bg5 98. Kh5 Bf4 99. Kg6 Bg5 100. Kf7 Bf4 101. Ke7 Bg5 102. Kf7 Bf4 103. Kg6 Be3 104. Kh5 Bd4 105. Kg4 Bc5 106. Kf3 Bd4 107. Ke2 Bc5 108. Kd3 Bd6 109. Kc4 Be7 110. Kb5 Bf8 111. Kc6 Bg7 112. Kd7 Bh6 113. Bc6 Bg5 114. Ke7 Bf4 115. Bb7 Be3 116. Kf7 Bd4 117. Bd5 Bc5 118. Ke8 Bd6 119. Kd7 Bc5 120. Be6 Bd4 121. Bd5 Be3 122. Kc6 Bf4 123. Kb5 Bg5 124. Kc4 Bh6 125. Kd3 Bg7 126. Ke2 Bf8 127. Kf3 Be7 128. Ke2 Bd6 129. Kf3 Be7 130. Ke2 Bd6 131. Kf3 Bf8 132. Kg4 Bh6 133. Kh5 Bd2 134. Kg6 Be3 135. Kh7 Bf4 136. Kg8 Bc1 137. Kh8 Bb2 138. Kg8 Ba3 139. Kh8 Bb4 140. Kh7 Ba5 141. Kg6 1/2-1/2


[Site "https://www.chess.com"]

[Event "Titled Tuesday Blitz August 09 Early 2022"]
[White "Delorme, Axel"]
[Black "Thiel, Thomas"]
[WhiteFideId "632023"]
[BlackFideId "4615964"]
[WhiteElo "2474"]
[BlackElo "2250"]
[Result "1-0"]
[Round "06"]
[TimeControl "180+1"]
[Date "2022.08.09"]
[WhiteClock "0:00:06"]
[BlackClock "0:00:18"]

1. d4 Nf6 2. Nf3 g6 3. g3 Bg7 4. Bg2 O-O 5. O-O d5 6. c4 dxc4 7. Na3 Nc6 8. Nxc4 Be6 9. Nce5 Bd5 10. Bf4 Nh5 11. Nxc6 bxc6 12. Be5 Nf6 13. b3 Qd7 14. Rc1 Rfd8 15. e3 a5 16. Qc2 Be4 17. Qc5 a4 18. Nd2 Bxg2 19. Kxg2 axb3 20. axb3 Ra6 21. Bxf6 Bxf6 22. h4 Qd5+ 23. Qxd5 Rxd5 24. Rc4 Rb5 25. Rfc1 Rbb6 26. Ne4 Kg7 27. Ra4 h5 28. Rca1 Rxa4 29. bxa4 Ra6 30. f4 Ra5 31. Ra2 e6 32. Kf3 Be7 33. Ke2 f5 34. Nd2 c5 35. Nb3 Ra6 36. Nxc5 Bxc5 37. dxc5 Kf6 38. Kd3 Ke7 39. Kc4 c6 40. a5 Kd7 41. Rd2+ Ke7 42. Kb4 e5 43. Rd6 exf4 44. exf4 1-0


[Site "https://www.chess.com"]

[Event "Titled Tuesday Blitz August 09 Early 2022"]
[White "Demchenko, Anton"]
[Black "Vlassov, Nikolai"]
[WhiteFideId "4160258"]
[BlackFideId "4103360"]
[WhiteElo "2539"]
[BlackElo "2324"]
[Result "1-0"]
[Round "06"]
[TimeControl "180+1"]
[Date "2022.08.09"]
[WhiteClock "0:00:19"]
[BlackClock "0:00:31"]

1. Nf3 c5 2. e4 d6 3. d4 cxd4 4. Qxd4 e5 5. Qe3 Nf6 6. c4 Be7 7. Nc3 O-O 8. Be2 h6 9. O-O Be6 10. Rd1 Nbd7 11. b3 a6 12. Bb2 Qc7 13. Rac1 Rac8 14. Nh4 Ng4 15. Qg3 Bxh4 16. Qxh4 Ngf6 17. f3 Rfd8 18. Qf2 Qc5 19. Bf1 Ne8 20. Na4 Qxf2+ 21. Kxf2 Nc5 22. Nxc5 Rxc5 23. Rd2 f6 24. Rcd1 Kf7 25. Ba3 Rc6 26. c5 f5 27. exf5 Bxf5 28. cxd6 b5 29. Bb4 Ke6 30. d7 Nf6 31. Rd6+ Rxd6 32. Rxd6+ Kf7 33. Rxa6 Bxd7 34. Ra7 Ke6 35. Ra6+ Kf7 36. Ra5 Rb8 37. Bd6 Rc8 38. Bxe5 Rc2+ 39. Kg1 Nd5 40. Bxb5 Bxb5 41. Rxb5 Ne3 42. Bd4 Nxg2 43. Bf2 Nf4 44. Rf5+ 1-0


[Site "https://www.chess.com"]

[Event "Titled Tuesday Blitz August 09 Early 2022"]
[White "Dilanyan, Grigor"]
[Black "Jeet, Jain"]
[WhiteFideId "13303570"]
[BlackFideId "5073022"]
[WhiteElo "2264"]
[BlackElo "2055"]
[Result "0-1"]
[Round "06"]
[TimeControl "180+1"]
[Date "2022.08.09"]
[WhiteClock "0:00:08"]
[BlackClock "0:00:16"]

1. Nf3 Nf6 2. g3 g6 3. Bg2 Bg7 4. O-O O-O 5. d4 d5 6. c4 b6 7. Nc3 e6 8. Ne5 Bb7 9. Qa4 c6 10. Rd1 Nfd7 11. Nf3 a6 12. e4 b5 13. cxb5 cxb5 14. Qc2 b4 15. Na4 dxe4 16. Ng5 Nf6 17. Nc5 Bd5 18. Ngxe4 Nxe4 19. Nxe4 Nc6 20. Be3 Qa5 21. Qc5 Qxc5 22. Nxc5 Bxg2 23. Kxg2 Ne7 24. a3 a5 25. axb4 axb4 26. Nd3 Nd5 27. Nf4 Nxf4+ 28. gxf4 h5 29. Kf3 Rfc8 30. Ke4 f5+ 31. Kd3 Bf8 32. Rxa8 Rxa8 33. Kc4 Kf7 34. d5 Bd6 35. Kb5 Ra2 36. Kc6 Ra6+ 37. Kb5 Ra2 38. Kc6 Ra6+ 39. Kb7 Ra2 40. Rd2 exd5 41. Rxd5 Ke6 42. Kc6 Ra6+ 43. Kb5 Kxd5 44. Kxa6 Kc4 45. Kb6 b3 46. Kc6 Bb4 47. Kd7 Kd3 48. Ke6 Bc3 49. Kf7 Bxb2 50. Kxg6 Ba3 51. Kxf5 b2 52. Kg6 b1=Q 53. f5 Ke4 54. f6 Ke5+ 55. Kg7 Qf5 56. f4+ Ke6 57. Bd4 Be7 58. fxe7 Qf7+ 59. Kh6 Qxe7 60. Be5 Qf7 61. Kg5 Qf5+ 62. Kh6 Kf7 63. h4 Qg6# 0-1


[Site "https://www.chess.com"]

[Event "Titled Tuesday Blitz August 09 Early 2022"]
[White "Dubov, Daniil"]
[Black "Donchenko, Alexander"]
[WhiteFideId "24126055"]
[BlackFideId "24603295"]
[WhiteElo "2996"]
[BlackElo "2823"]
[Result "1-0"]
[Round "06"]
[TimeControl "180+1"]
[Date "2022.08.09"]
[WhiteClock "0:00:38"]
[BlackClock "0:00:56"]

1. e4 g6 2. d4 Bg7 3. Nf3 d6 4. Nc3 Nf6 5. Bc4 O-O 6. O-O c6 7. a4 Nxe4 8. Nxe4 d5 9. Bd3 dxe4 10. Bxe4 Nd7 11. c3 Nf6 12. Bc2 Be6 13. Re1 Bd5 14. a5 a6 15. Bf4 Rc8 16. b4 Bxf3 17. Qxf3 Nd5 18. Bd2 Re8 19. Rad1 Qc7 20. Bb3 e6 21. g3 Rcd8 22. Kg2 Qd7 23. Bg5 Rc8 24. Re2 Qd6 25. Rde1 Qf8 26. Re4 Bh6 27. h4 Bxg5 28. hxg5 Qe7 29. Re5 Kg7 30. Bxd5 cxd5 31. Rxd5 Red8 32. Rxd8 Qxd8 33. Re5 Rc7 34. Qe3 Rd7 35. Rc5 b6 36. Qe5+ Kg8 37. axb6 Qxb6 38. Rc8+ Rd8 39. Qc7 Qxc7 40. Rxc7 Ra8 41. Rc5 Kf8 42. Kf3 Ra7 43. Ke4 Ke7 44. Ke5 Rd7 45. f4 Rb7 46. Ke4 Kd6 47. Kd3 Rb8 48. Kc4 Kd7 49. Kb3 h6 50. gxh6 Rh8 51. Ra5 Rxh6 52. Rxa6 Rh3 53. Ra7+ Ke8 54. b5 Rxg3 55. b6 Rg1 56. Kc4 Rb1 57. Kc5 1-0


[Site "https://www.chess.com"]

[Event "Titled Tuesday Blitz August 09 Early 2022"]
[White "Dushyant Sharma"]
[Black "Horcajuelo Rocamora, Martin"]
[WhiteFideId "25065130"]
[BlackFideId "24573027"]
[WhiteElo "2133"]
[BlackElo "1882"]
[Result "1-0"]
[Round "06"]
[TimeControl "180+1"]
[Date "2022.08.09"]
[WhiteClock "0:02:40"]
[BlackClock "0:02:30"]

1. e4 e5 2. Nf3 Nc6 3. Nc3 Nf6 4. Bb5 Bb4 5. O-O O-O 6. d3 d6 7. Bg5 h6 8. Bxf6 Qxf6 9. Nd5 Qg6 10. Bxc6 Bc5 11. Ne7+ 1-0


[Site "https://www.chess.com"]

[Event "Titled Tuesday Blitz August 09 Early 2022"]
[White "Ekdyshman, Mikhail"]
[Black "Rosenberg, Evan S"]
[WhiteFideId "4149416"]
[BlackFideId "2019299"]
[WhiteElo "2146"]
[BlackElo "2428"]
[Result "1/2-1/2"]
[Round "06"]
[TimeControl "180+1"]
[Date "2022.08.09"]
[WhiteClock "0:00:03"]
[BlackClock "0:00:13"]

1. d4 Nf6 2. Nf3 e6 3. e3 b6 4. c4 Bb4+ 5. Nbd2 Bb7 6. Bd3 Ne4 7. Qc2 f5 8. a3 Bxd2+ 9. Nxd2 Qh4 10. g3 Qh3 11. Bf1 Qh6 12. Bg2 Nd6 13. O-O Bxg2 14. Kxg2 O-O 15. e4 Qg6 16. e5 Ne4 17. Nxe4 fxe4 18. Re1 e3 19. Qxg6 Rxf2+ 20. Kg1 hxg6 21. Rxe3 Rc2 22. Rc3 Rxc3 23. bxc3 Nc6 24. Bf4 Rf8 25. Rd1 Rf5 26. h4 Na5 27. c5 Kf7 28. cxb6 axb6 29. Rb1 Ke8 30. Rb4 Nc6 31. Ra4 Ne7 32. Ra8+ Kf7 33. Rd8 Nd5 34. Rxd7+ Ke8 35. Rxg7 Nxc3 36. Rxg6 Kf7 37. Rh6 Ne2+ 38. Kf2 Nxf4 39. gxf4 Rxf4+ 40. Ke3 Rf1 41. Rh7+ Kg6 42. Rxc7 Ra1 43. Rc6 Kf5 44. Rxb6 Rxa3+ 45. Kd2 Rh3 46. Rb1 Ke4 47. Rb6 Kf5 48. Rd6 Rxh4 49. Kc3 Rh3+ 50. Kc4 Ra3 51. Kc5 Ra5+ 52. Kc6 Ra6+ 53. Kd7 Ra7+ 54. Ke8 Ra8+ 55. Ke7 Ra7+ 56. Rd7 Ra4 57. Kf7 Rb4 58. Ke7 Ra4 59. Rd6 Ra7+ 60. Kd8 Rh7 61. Rd7 Rh6 62. Kc7 Rh4 63. Rd6 Rh7+ 64. Kc6 Ra7 65. Rd7 Ra6+ 66. Kc5 Ra4 67. Rf7+ Ke4 68. Rf6 Rxd4 69. Rxe6 Rd5+ 70. Kc6 Rxe5 71. Rxe5+ Kxe5 1/2-1/2


[Site "https://www.chess.com"]

[Event "Titled Tuesday Blitz August 09 Early 2022"]
[White "Ernst, Sipke"]
[Black "Kamsky, Gata"]
[WhiteFideId "1004689"]
[BlackFideId "2000024"]
[WhiteElo "2736"]
[BlackElo "2882"]
[Result "0-1"]
[Round "06"]
[TimeControl "180+1"]
[Date "2022.08.09"]
[WhiteClock "0:00:26"]
[BlackClock "0:01:57"]

1. d4 f5 2. Bf4 Nf6 3. e3 d6 4. h3 g6 5. Nf3 Bg7 6. c4 c5 7. Nc3 O-O 8. Be2 Ne4 9. Rc1 Nc6 10. Bh2 Nxc3 11. Rxc3 cxd4 12. exd4 Qb6 13. c5 dxc5 14. Rxc5 Nxd4 15. Bc4+ Kh8 0-1


[Site "https://www.chess.com"]

[Event "Titled Tuesday Blitz August 09 Early 2022"]
[White "Estrada Nieto, Julian"]
[Black "Krzywda, Andrzej"]
[WhiteFideId "5101018"]
[BlackFideId "1114565"]
[WhiteElo "2252"]
[BlackElo "2098"]
[Result "1-0"]
[Round "06"]
[TimeControl "180+1"]
[Date "2022.08.09"]
[WhiteClock "0:00:31"]
[BlackClock "0:00:45"]

1. e4 c5 2. Nf3 d6 3. d4 cxd4 4. Qxd4 Nf6 5. Nc3 g6 6. Bc4 Bg7 7. Bg5 O-O 8. h3 Nc6 9. Qe3 a6 10. O-O b5 11. Bb3 Bb7 12. Bh6 Na5 13. Bxg7 Kxg7 14. Rfd1 Nxb3 15. axb3 Qc7 16. Rd2 Rac8 17. Re1 Qc5 18. Nd4 e6 19. Qg3 h6 20. e5 dxe5 21. Rxe5 Qc7 22. Qe3 Rfd8 23. Rxe6 Rxd4 24. Re7 Rd7 25. Rdxd7 Qc6 26. Rxf7+ Kh8 27. Qxh6+ Kg8 28. Qg7# 1-0


[Site "https://www.chess.com"]

[Event "Titled Tuesday Blitz August 09 Early 2022"]
[White "Eynullayev, Altay"]
[Black "Mohammed, Dilshad"]
[WhiteFideId "13413562"]
[BlackFideId "5050421"]
[WhiteElo "2079"]
[BlackElo "2102"]
[Result "0-1"]
[Round "06"]
[TimeControl "180+1"]
[Date "2022.08.09"]
[WhiteClock "0:00:17"]
[BlackClock "0:01:16"]

1. e4 e5 2. Nf3 Nc6 3. Bb5 a6 4. Ba4 Nf6 5. O-O Be7 6. Re1 b5 7. Bb3 d6 8. a4 Rb8 9. d3 O-O 10. Nbd2 Be6 11. c3 Qd7 12. axb5 axb5 13. Ra6 Ra8 14. Rxa8 Rxa8 15. Nf1 Na5 16. Bc2 c5 17. Ne3 g6 18. d4 cxd4 19. cxd4 exd4 20. Nxd4 Rc8 21. Bd2 Nc4 22. Nxc4 Bxc4 23. Bc3 Rc5 24. Nf3 Be6 25. Qd4 Rc4 26. Qb6 Bd8 27. Qb8 Rc8 28. Qxc8 Qxc8 29. Bd3 Bc4 30. Bb1 Qb7 31. h3 b4 32. Bd4 Nh5 33. Rc1 Be6 34. Be3 Bb6 35. Bg5 f6 36. Bd2 b3 37. g4 Ng7 38. Bc3 Ne8 39. Rd1 Qa7 40. Rd2 h5 41. gxh5 gxh5 42. Kh2 Bxf2 43. Nd4 Bxd4 44. Bxd4 Qd7 45. Rg2+ Kf7 46. Rg3 h4 47. Rf3 Qb5 48. Bd3 Bc4 49. Bb1 Bf1 50. Rf2 Bd3 51. Bxd3 Qxd3 52. Bc3 Qxe4 53. Kg1 d5 54. Rc2 0-1


[Site "https://www.chess.com"]

[Event "Titled Tuesday Blitz August 09 Early 2022"]
[White "Fajdetic, Hrvoje"]
[Black "Melikhov, Evgeny V."]
[WhiteFideId "14501945"]
[BlackFideId "4122046"]
[WhiteElo "2172"]
[BlackElo "1963"]
[Result "1-0"]
[Round "06"]
[TimeControl "180+1"]
[Date "2022.08.09"]
[WhiteClock "0:00:04"]
[BlackClock "0:00:03"]

1. b3 e5 2. Bb2 Nc6 3. e3 a6 4. Ne2 d5 5. d4 e4 6. c4 Nge7 7. Nbc3 Nb4 8. Nf4 g5 9. Nfxd5 Nexd5 10. cxd5 Bf5 11. a3 Nxd5 12. Nxd5 Qxd5 13. Bc4 Qd7 14. O-O h5 15. f3 Rh7 16. fxe4 Bxe4 17. Bd3 Qd5 18. Bxe4 Qxe4 19. Qf3 Qxf3 20. Rxf3 O-O-O 21. Raf1 Rd7 22. e4 h4 23. h3 c6 24. Rf5 Bh6 25. R1f3 Re7 26. e5 Rg7 27. d5 cxd5 28. e6 fxe6 29. Rf8+ Kc7 30. Bxg7 Bxg7 31. R8f7 Kd6 32. Kf1 Be5 33. Rxe7 Kxe7 34. Ke2 Bf4 35. Rc3 Kd6 36. Rc8 e5 37. Kd3 e4+ 38. Kd4 Be5+ 39. Ke3 Bf4+ 40. Kd4 Be5+ 41. Ke3 Bb2 42. a4 Ba3 43. Rg8 Bc5+ 44. Ke2 d4 45. Rxg5 d3+ 46. Kd2 Bd4 47. Rh5 Kc6 48. Rg5 b5 49. axb5+ axb5 50. Rh5 b4 51. Rg5 Kd6 52. Rh5 Ke6 53. Rb5 Kd6 54. Rxb4 Kd5 55. Rb5+ Bc5 56. Rb8 Bd4 57. Rd8+ Ke5 58. Re8+ Kd5 59. b4 Bg1 60. b5 Bh2 61. b6 Bf4+ 62. Kd1 e3 63. b7 e2+ 64. Ke1 Kd4 65. b8=Q Bxb8 66. Rxb8 Ke3 67. Re8+ Kd4 68. Kd2 Kc4 69. Re4+ Kd5 70. Kxd3 1-0


[Site "https://www.chess.com"]

[Event "Titled Tuesday Blitz August 09 Early 2022"]
[White "Fernandez Hernandez, Gerardo"]
[Black "Ouellet, Maili-Jade"]
[WhiteFideId "2207400"]
[BlackFideId "2620472"]
[WhiteElo "2161"]
[BlackElo "1899"]
[Result "0-1"]
[Round "06"]
[TimeControl "180+1"]
[Date "2022.08.09"]
[WhiteClock "0:00:01"]
[BlackClock "0:00:17"]

1. e4 c5 2. d3 Nc6 3. g3 g6 4. Bg2 Bg7 5. f4 e6 6. Nf3 Nge7 7. O-O O-O 8. c3 d5 9. Be3 b6 10. e5 Nf5 11. Bf2 h5 12. d4 Ba6 13. Re1 Qe7 14. Qa4 Bb7 15. h3 Rfc8 16. Nbd2 cxd4 17. cxd4 Qb4 18. Qb3 Bf8 19. a3 Qa5 20. g4 hxg4 21. hxg4 Nfxd4 22. Nxd4 Nxd4 23. Bxd4 Qxd2 24. Be3 Qc2 25. Qb5 Bc6 26. Qf1 Qxb2 27. f5 exf5 28. gxf5 Qxe5 29. Bxb6 Qxf5 30. Qxf5 gxf5 31. Bd4 Bg7 32. Rad1 Ba4 33. Rd2 Bh6 34. Rf2 f4 35. Bxd5 Rab8 36. Be5 Rb5 37. Ba2 Re8 38. Kf1 Rexe5 39. Rxe5 Rxe5 0-1


[Site "https://www.chess.com"]